 Dungeon Crawl Stone Soup version 0.16.1-11-g651b585 (webtiles) character file.

77 roverover the Cudgeler (level 4, 5/40 HPs)
             Began as a Deep Dwarf Fighter on Mar 30, 2015.
             Quit the game on level 2 of the Dungeon.
             The game lasted 00:05:42 (1630 turns).

roverover the Cudgeler (Deep Dwarf Fighter)         Turns: 1630, Time: 00:05:42

Health: 5/40       AC:  6    Str: 20    XL:     4   Next: 13%
Magic:  4/4        EV:  7    Int:  8    God:
Gold:   82         SH:  9    Dex: 13    Spells: 0 memorised, 3 levels left

rFire  . . .     SeeInvis .     a - +0 flail
rCold  . . .     Clarity  .     b - +0 scale mail
rNeg   . . .     SustAb   +     c - +0 shield
rPois  .         Gourm    .     (no helmet)
rElec  .         Spirit   .     (no cloak)
rCorr  .         Warding  .     (no gloves)
rMut   .         Stasis   .     (no boots)
MR     .....                    (no amulet)
Stlth  ..........               r - ring of flight
                                q - ring of sustain abilities

@: non-regenerating, not resistant to hostile enchantments, extremely unstealthy
A: damage resistance, recharge devices, sense surroundings 1, slow healing 3
a: Device Recharging, Evoke Flight


You were on level 2 of the Dungeon.
You were not hungry.

You visited 1 branch of the dungeon, and saw 3 of its levels.

You collected 82 gold pieces.

Inventory:

Hand weapons
 a - a +0 flail (weapon)
 o - a +1 short sword of flaming
Missiles
 p - 21 poisoned needles
Armour
 b - a +0 scale mail (worn)
 c - a +0 shield (worn)
Jewellery
 q - a ring of sustain abilities (left hand)
 r - a ring of flight (right hand)
Magical devices
 d - a wand of heal wounds (3)
 s - a wand of polymorph (9)
Scrolls
 g - a scroll of fear {unknown}
 i - a scroll of enchant weapon {unknown}
 l - a scroll of identify {unknown}
Potions
 e - a potion of might
 h - a potion of cancellation {unknown}
 j - 2 potions of curing {unknown}
 k - a potion of restore abilities {unknown}
 m - a potion of agility {unknown}
Comestibles
 f - a bread ration
 n - 2 fruits
 t - 6 chunks of flesh


   Skills:
 - Level 2.6 Fighting
 + Level 4.4 Maces & Flails
 - Level 3.2 Armour
 - Level 3.2 Shields


You had 3 spell levels left.
You didn't know any spells.

Dungeon Overview and Level Annotations

Branches:
Dungeon (3/15)

Altars:
Okawaru
Trog

Annotations:
D:3 Doomer's ghost, average HuCK


Innate Abilities, Weirdness & Mutations

You are resistant to damage.
You can recharge devices by infusing magical energy.
You passively map a small area around you.
You do not heal naturally.


Message History

You block the quokka's attack.
You completely miss the quokka.
The quokka bites you but does no damage.
You closely miss the quokka.
The quokka bites you but does no damage. x2
You thump the quokka!
You kill the quokka!
Things that are here:
a quokka corpse; a kobold corpse Butcher a quokka corpse? [(y)es/(c)hop/(n)o/(a)ll/(q)uit/?]
Butcher a kobold corpse? [(y)es/(c)hop/(n)o/(a)ll/(q)uit/?]
You butcher the quokka corpse.
You butcher the kobold corpse.
t - 7 chunks of flesh (gained 2)
Things that are here:
a quokka skeleton; a poisonous chunk of flesh; a kobold skeleton Eat one of 7 chunks of flesh? (ye/n/q/i?) This raw flesh tastes terrible.
You continue eating. x2
Are you sure you want to abandon this character and quit the game? (Confirm with "yes".)

######.##############
###...................#
....##..........#####.##
....##.#.#.###.........#
....(......# #.....##..#
....##.....####.#......#
....###.........#......#
#.#.####.#.####.#......#
#.#........# #.@......#
#.######.### #(#..=...#
#.# ##+## #.###.##.# #.#
##...## #........# #.#
##.....## #####.####
..###.......## ##..#
####.........####...##
...'..[......'.......#
####.........####>..##


There were no monsters in sight!

Vanquished Creatures
  2 adders (D:2)
  A giant mite (D:1)
  A worm (D:2)
  A giant gecko (D:2)
  2 oozes
  5 giant cockroaches
  6 goblins
  9 hobgoblins
  2 quokkas (D:2)
  A bat (D:1)
  3 kobolds
  9 rats
42 creatures vanquished.

Notes
Turn   | Place    | Note
--------------------------------------------------------------
     0 | D:1      | roverover, the Deep Dwarf Fighter, began the quest for the Orb.
     0 | D:1      | Reached XP level 1. HP: 20/20 MP: 1/1
   110 | D:1      | Reached XP level 2. HP: 27/27 MP: 2/2
   414 | D:1      | Reached XP level 3. HP: 28/33 MP: 3/3
   831 | D:2      | Reached skill level 4 in Maces & Flails
  1064 | D:2      | Reached XP level 4. HP: 24/40 MP: 4/4
  1264 | D:2      | Found an iron altar of Okawaru.
  1264 | D:2      | Found a bloodstained altar of Trog.
  1511 | D:3      | Noticed Doomer's ghost (average HuCK)
  1630 | D:2      | Quit the game

Action                   |  1- 3 |  4- 6 || total
-------------------------+-------+-------++-------
Melee: Flail             |   124 |    26 ||   150
Evoke: Wand              |       |     2 ||     2
  Eat: Chunk             |     1 |     2 ||     3
